 Dungeon Crawl Stone Soup version 0.31-a0-174-g85c54bcb58 (webtiles) character file.

Game seed: 16627279824819517248

95 qw the Shooter (level 4, -1/28 HPs)
             Began as a Gargoyle Hunter on June 15, 2023.
             Slain by a goblin
             ... wielding a +4 dagger
             ... led by Robin
              (2 damage)
             ... on level 2 of the Dungeon.
             The game lasted 00:00:36 (1602 turns).

qw the Shooter (Gargoyle Hunter)                    Turns: 1602, Time: 00:00:36

Health: -1/28      AC:  8    Str: 14    XL:     4   Next: 66%
Magic:  4/4        EV: 10    Int: 10    God:
Gold:   94         SH:  0    Dex: 15    Spells: 3/3 levels left

rFire   . . .        Y - +1 shortbow
rCold   . . .        (shield currently unavailable)
rNeg    + . .        d - +0 ring mail
rPois   inf          (no helmet)
rElec   +            (no cloak)
rCorr   .            (no gloves)
SInv    .            (no boots)
Will    .....        (no amulet)
Stlth   +            (no ring)
HPRegen 0.24/turn    (no ring)
MPRegen 0.09/turn

%: no passive effects
@: no status effects
A: sickness immunity, AC +3, negative energy resistance 1, electricity
resistance, torment resistance 1, petrification resistance
a: no special abilities


You were on level 2 of the Dungeon.
You visited 1 branch of the dungeon, and saw 2 of its levels.

You collected 94 gold pieces.


Innate Abilities, Weirdness & Mutations

You are immune to sickness and miasma.
Your stone body is resilient. (AC +3)
You are immune to poison.
You resist negative energy. (rN+)
You are resistant to electric shocks. (rElec)
You are resistant to unholy torment.
You are immune to petrification.


   Skills:
 - Level 3.0 Fighting
 + Level 5.4 Ranged Weapons
 - Level 1.0 Armour
 - Level 1.5 Dodging
 - Level 1.1 Stealth


You had 3 spell levels left.
You didn't know any spells.
Your spell library was empty.

Inventory:

Hand Weapons
 Y - a +1 shortbow (weapon)
Armour
 a - a +1 cloak
 d - a +0 ring mail (worn)
Scrolls
 b - a scroll of identify {unknown}
 e - 2 scrolls of noise {unknown}
Potions
 c - 2 potions of invisibility {unknown}
 i - 2 potions of curing
 k - a potion of mutation {unknown}

Dungeon Overview and Level Annotations

Branches:
Dungeon (2/15)

Altars:
Yredelemnul

Shops:
D:1 [

Annotations:
D:2 Robin


Message History

You shoot an arrow. The arrow hits the kobold!
You kill the kobold!
You shoot an arrow. The arrow hits the hobgoblin!
You kill the hobgoblin!
You shoot an arrow. The arrow misses the goblin.
A hobgoblin comes into view.
You shoot an arrow. The arrow barely misses the goblin.
A goblin comes into view. It is wielding a +0 dagger.
A hobgoblin comes into view.
A goblin comes into view. It is wielding a +0 dagger.
The goblin hits you but does no damage. x2
You shoot an arrow. The arrow closely misses the goblin.
The goblin barely misses you. The goblin hits you but does no damage.
The goblin hits you with a +0 club. The goblin closely misses you.
You shoot an arrow. The arrow closely misses the goblin.
The goblin hits you with a +0 club. The goblin hits you with a +0 dagger.
You shoot an arrow. The arrow barely misses the goblin.
The goblin closely misses you. The goblin hits you but does no damage.
You shoot an arrow. The arrow hits the goblin.
The goblin is moderately wounded.
The goblin misses you. The goblin hits you with a +0 dagger.
You shoot an arrow. The arrow barely misses the goblin.
The goblin no longer looks unusually strong.
The hobgoblin no longer looks unusually strong.
The goblin hits you but does no damage. The goblin hits you with a +0 dagger.
The goblin hits you but does no damage. The goblin barely misses you.
You shoot an arrow. The arrow hits the goblin!
You kill the goblin!
You shoot an arrow. The arrow misses the goblin.
The goblin hits you but does no damage. The goblin hits you with a +4 dagger.
You shoot an arrow. The arrow barely misses the goblin.
The goblin no longer looks unusually strong. x2
Robin hits you from afar with a +3 spear.
The goblin misses you. The goblin hits you but does no damage.
You shoot an arrow. The arrow hits the goblin!
You kill the goblin!
Robin throws the goblin at you! The goblin hits you with a +0 dagger.
The goblin hits you with a +4 dagger. Robin hits you but does no damage.
The goblin closely misses you. The goblin hits you with a +4 dagger.
You die...

##. .# #.. .## #.#
..# #.# g.# #.# ###
g.# #.# ..# ##g. #.#
#.###g# #.# #.#)@#
#:# #.#g# #.# #...#
#.# #.### ########.#
#.###### #........#
#....).# #.########
#.####.# #.#
#.####.####.########
#...................


You could see Robin and 4 goblins.

Vanquished Creatures
  Jessica (D:2)
  An adder (D:1)
  A worm (D:2)
  4 dart slugs
  6 bats
  6 endoplasms
  A giant cockroach (D:2)
  5 goblins
  6 hobgoblins
  6 kobolds
  A quokka (D:1)
  5 ball pythons
  3 frilled lizards
  5 rats
51 creatures vanquished.

Notes
Turn   | Place    | Note
-------+----------+-------------------------------------------
     0 | D:1      | qw the Gargoyle Hunter began the quest for the Orb.
     0 | D:1      | Reached XP level 1. HP: 12/12 MP: 1/1
     0 | D:1      | 0 ||| qw: Version: 0.2-a-29-g511e9b1
     0 | D:1      | 0 ||| qw: Game counter: 5358
     0 | D:1      | 0 ||| qw: Always use a shield: true
     0 | D:1      | 0 ||| qw: God list: Okawaru
     0 | D:1      | 0 ||| qw: Allow faded altars: false
     0 | D:1      | 0 ||| qw: Do Orc after D:15 true
     0 | D:1      | 0 ||| qw: Do second Lair branch before Depths: true
     0 | D:1      | 0 ||| qw: Lair rune preference: random
     0 | D:1      | 0 ||| qw: Plans: Normal, Zot:1-4, Slime:5, God:TSO, Crypt,
                  | Tomb, Abyss, Pan, Hells, Win
     0 | D:1      | 0 ||| PLANNING D:1-11
   194 | D:1      | Reached XP level 2. HP: 16/17 MP: 2/2
   329 | D:1      | Reached XP level 3. HP: 21/21 MP: 3/3
   355 | D:1      | Reached skill level 5 in Ranged Weapons
   373 | D:1      | Found Gycw's Armour Emporium.
   382 | D:1      | 382 ||| SHOPLISTING +0 pair of gloves (45 gold, have 15).
   659 | D:1      | Found a faded altar of an unknown god.
   892 | D:1      | 892 ||| UPGRADING to +0 ring mail.
   902 | D:1      | 902 ||| DROPPING +0 leather armour.
   903 | D:1      | 903 ||| READING scroll labelled SOIXYSEXT.
   904 | D:1      | 904 ||| READING scroll labelled NYUGEI UQITAMOD.
   905 | D:1      | 905 ||| READING 2 scrolls labelled ERORUXTUTU.
   906 | D:1      | 906 ||| READING scroll labelled XIKOUTW UCILE.
   907 | D:1      | 907 ||| READING scroll labelled CUWI PAYMO.
   908 | D:1      | 908 ||| DRINKING 3 emerald potions.
   909 | D:1      | 909 ||| DROPPING scroll of butterflies.
   910 | D:1      | 910 ||| DROPPING scroll of fear.
   956 | D:2      | 956 ||| STAIRDANCE
   960 | D:1      | Reached skill level 1 in Armour
  1354 | D:2      | Found a basalt altar of Yredelemnul.
  1357 | D:2      | Reached XP level 4. HP: 27/27 MP: 4/4
  1436 | D:2      | Reached skill level 3 in Fighting
  1541 | D:2      | Noticed Jessica
  1545 | D:2      | Killed Jessica
  1587 | D:2      | Noticed Robin
  1601 | D:2      | HP: 6/28 [Robin/+3 spear (5)]
  1602 | D:2      | HP: 1/28 [goblin/+4 dagger[Robin] (2)]
  1602 | D:2      | Slain by a goblin

Levels and vault maps discovered:
D:1:      evilmike_arrival_rings, layout_loops_ring, serial_shops,
          nicolae_shop_waterfront, dreamdust_ecumenical_altar_angels_and_demons,
          minivault_5, minmay_misc_feat_encased
D:2:      layout_loops_ring, basic_altar, grunt_ministairs_6, uniq_robin,
          uniq_jessica

Skill      XL: |  1  2  3  4 |
---------------+-------------+-----
Ranged Weapons | 5 |  5.4
Armour         | 1 |  1.0
Fighting       | 3 |  3.0
Dodging        | |  1.5
Stealth        | |  1.1

Action                     |  1- 3 |  4- 6 || total
---------------------------+-------+-------++-------
   Fire: Shortbow          |    98 |    38 ||   136
    Use: Scroll            |     5 |       ||     5
         Potion            |     1 |       ||     1
 Armour: Leather armour    |     2 |       ||     2
         Ring mail         |    18 |    15 ||    33
  Dodge: Dodged            |    41 |    10 ||    51

Table legend:
 A = Non-vault XP
 B = Vault XP
 C = Vault XP percentage of total XP
 D = Non-vault monster count
 E = Vault monster count
 F = Vault count percentage of total count
                 A         B        C        D         E       F
            +---------+---------+-------+---------+---------+-------
      Total |      78 |      60 |  43.5 |      43 |       8 |  15.7
            +---------+---------+-------+---------+---------+-------
        D:1 |      43 |      14 |  24.6 |      23 |       1 |   4.2
        D:2 |      35 |      46 |  56.8 |      20 |       7 |  25.9
            +---------+---------+-------+---------+---------+-------
